 Dungeon Crawl Stone Soup version 0.31-a0-881-ge136f0c47a (webtiles) character file.

Game seed: 6467306719876805704

106180 protoss039 the Fighter (level 15, -2/132 (139) HPs)
             Began as a Demonspawn Earth Elementalist on Oct 15, 2023.
             Was the Champion of Vehumet.
             Shot with an arrow by a centaur warrior (16 damage)
             ... on level 15 of the Dungeon.
             The game lasted 00:59:49 (27586 turns).

protoss039 the Fighter (DsEE)                      Turns: 27586, Time: 00:59:50

HP:   -2/132 (139)  AC: 22    Str: 12    XL:     15   Next: 96%
MP:   20/30         EV: 11    Int: 25    God:    Vehumet [******]
Gold: 2538          SH: 10    Dex: 13    Spells: 4/36 levels left

rFire   . . .        M - +3 hand axe of Rosi {venom, *Noise rC+ Str+2 Int+2}
rCold   + . .        D - +0 kite shield
rNeg    . . .        p - +5 steam dragon scales
rPois   +            (helmet restricted)
rElec   .            w - +2 cloak
rCorr   .            B - +2 pair of gloves
SInv    .            k - +2 pair of boots
Will    +....        z - amulet "Goibucvo" {Regen+ Slay+3}
Stlth   ++           m - +4 ring of slaying
HPRegen 1.22/turn    F - ring of poison resistance
MPRegen 0.22/turn

%: no passive effects
@: drained
A: horns 2, demonic guardian 1, robust 1, spiny 3, weakness stinger 1, demonic
touch 1
a: Renounce Religion


You were on level 15 of the Dungeon.
You worshipped Vehumet.
Vehumet was exalted by your worship.
You visited 4 branches of the dungeon, and saw 23 of its levels.
You also visited: Ossuary and Bailey.

You collected 3170 gold pieces.
You spent 632 gold pieces at shops.

Inventory:

Hand Weapons
 a - a +4 scimitar of flaming
 c - a +4 short sword of venom
 x - the +11 long sword "Musuidgh" {freeze, rF+ rN++}
   (You found it on level 3 of the Lair of Beasts)

   rF+:       It protects you from fire.
   rN++:      It greatly protects you from negative energy.
 M - the +3 hand axe of Rosi (weapon) {venom, *Noise rC+ Str+2 Int+2}
   (You found it on level 8 of the Dungeon)

   Str+2:     It affects your strength (+2).
   Int+2:     It affects your intelligence (+2).
   rC+:       It protects you from cold.
   *Noise:    It may make a loud noise when swung.
Armour
 k - a +2 pair of boots (worn)
 p - +5 steam dragon scales (worn)
 w - a +2 cloak (worn)
 B - a +2 pair of gloves (worn)
 D - a +0 kite shield (worn)
 K - +0 acid dragon scales
 R - the +2 leather armour "Siff" {rPois MP+9}
   (You found it on level 9 of the Dungeon)

   rPois:     It protects you from poison MP+9: It affects your magic capacity
   (+9).
Magical Staves
 V - a staff of air
Jewellery
 j - a ring of fire
 m - a +4 ring of slaying (left hand)
 y - a ring of ice
 z - the amulet "Goibucvo" (around neck) {Regen+ Slay+3}
   (You found it on level 5 of the Lair of Beasts)

   [amulet of regeneration]

   Slay+3:    It affects your accuracy & damage with ranged weapons and melee
   (+3).
   Regen+:    It increases your rate of health regeneration.
 C - a ring of see invisible
 F - a ring of poison resistance (right hand)
 Y - a ring of flight
Wands
 e - a wand of digging (14)
 n - a wand of acid (5)
 L - a wand of iceblast (20)
Scrolls
 f - 5 scrolls of revelation
 g - a scroll of acquirement {unknown}
 h - a scroll of enchant armour
 l - 5 scrolls of teleportation
 o - 3 scrolls of amnesia
 s - a scroll of fog
 O - 2 scrolls of brand weapon
 S - 2 scrolls of immolation
 T - a scroll of blinking
 Z - 5 scrolls of poison
Potions
 b - 4 potions of magic
 d - 2 potions of enlightenment
 i - a potion of degeneration
 q - a potion of haste
 r - 2 potions of brilliance
 t - 3 potions of heal wounds
 u - 4 potions of curing
 v - 3 potions of lignification
 A - 2 potions of cancellation {unknown}
 G - 2 potions of invisibility {unknown}
 H - 5 potions of mutation
 P - a potion of resistance {unknown}
 U - a potion of ambrosia {unknown}
 X - 2 potions of berserk rage
Miscellaneous
 N - a tin of tremorstones (1/2)
 W - a lightning rod (4/4)


   Skills:
 * Level 14.5 Fighting
 - Level 6.0(6.3) Short Blades
 * Level 2.8(4.7) Long Blades
 - Level 9.0 Axes
 * Level 10.4 Armour
 * Level 4.1 Dodging
 - Level 3.0 Stealth
 * Level 7.4 Shields
 + Level 11.3 Spellcasting
 * Level 6.0 Conjurations
 * Level 4.9 Summonings
 - Level 0.8 Transmutations
 - Level 3.0 Fire Magic
 - Level 6.0 Earth Magic
 - Level 3.0 Poison Magic
 + Level 5.8 Evocations


You had 4 spell levels left.
You knew the following spells:

 Your Spells              Type           Power      Damage    Failure   Level
a - Sandblast             Erth           88%        2d18      1%          1
b - Passwall              Tmut/Erth      25%        N/A       4%          2
c - Stone Arrow           Conj/Erth      88%        3d12      1%          3
d - Inner Flame           Hex/Fire       21%        N/A       6%          3
e - Olgreb's Toxic Radia  Pois           29%        N/A       11%         4
f - Spellforged Servitor  Conj/Summ      20%        N/A       94%         7
g - Orb of Destruction    Conj           22%        9d8       89%         7
h - Irradiate             Conj/Tmut      15%        3d16      22%         5

Your spell library contained the following spells:

 Spells                   Type           Power      Damage    Failure   Level
 Foxfire                  Conj/Fire      100%       2x1d9     1%          1
 Momentum Strike          Conj/Tloc      58%        3d9       1%          2
 Scorch                   Fire           58%        2d7       1%          2
 Dazzling Flash           Conj/Hex       58%        N/A       3%          3
 Brom's Barrelling Bould  Conj/Erth      44%        2d6       3%          4
 Flame Wave               Conj/Fire      36%        2d10      5%          4
 Volatile Blastmotes      Fire/Tloc      42%        2d13      6%          3
 Apportation              Tloc           28%        N/A       13%         1
 Blink                    Tloc           28%        N/A       21%         2
 Jinxbite                 Hex            28%        N/A       21%         2
 Lesser Beckoning         Tloc           28%        N/A       21%         2
 Petrify                  Tmut/Erth      31%        N/A       30%         4
 Manifold Assault         Tloc           14%        N/A       78%         4
 Starburst                Conj/Fire      18%        6d7       58%         6
 Borgnjor's Vile Clutch   Necr/Erth      14%        N/A       71%         5
 Alistair's Intoxication  Tmut/Pois      15%        N/A       85%         5
 Eringya's Noxious Bog    Tmut/Pois      11%        4d6       88%         6
 Plasma Beam              Fire/Air       10%        2x1d21    92%         6
 Summon Cactus Giant      Summ           19%        N/A       95%         6
 Maxwell's Capacitive Co  Air            7%         ∞         100%        8


Dungeon Overview and Level Annotations

Branches:
Dungeon (15/15) Zot: 26333  Temple (1/1) D:6 Zot: 5972    Lair (5/5) D:11 Zot: 21544
  Swamp (0/4) Lair:2        Snake (0/4) Lair:2        Slime (0/5) Lair:5
    Orc (2/2) D:9 Zot: 10727     Elf (0/3) Orc:2        Vaults (0/5) D:14
Ossuary (visited)          Bailey (visited)
 Depths: D:15

Altars:
Ashenzari
Cheibriados
Dithmenos
Fedhas
Gozag
Hepliaklqana
Kikubaaqudgha
Makhleb
Nemelex Xobeh
Okawaru
Qazlal
Ru
Sif Muna
Trog
Uskayaw
Vehumet
Wu Jian
Xom
Yredelemnul
Jiyva

Shops:
D:2 =   D:3 (   D:10 :   Orc:2 *(!(

Portals:
Trove: D:10 (give 2 scrolls of acquirement)

Annotations:
D:7 1 runed translucent door, bmj180's ghost, journeyman HuCj
D:15 3 runed translucent doors


Innate Abilities, Weirdness & Mutations

You have a pair of horns on your head.
A weak demonic guardian rushes to your aid.
You are robust. (+10% HP)
You are completely covered in sharp spines.
You have a small tail.
Your touch may inflict minor irresistible damage on your foes.


Message History

You hit the cyan very ugly thing.
The cyan very ugly thing looks as sick as possible!
The cyan very ugly thing is heavily wounded.
The centaur warrior is engulfed in poison gas.
The centaur warrior looks as sick as possible!
The cyan very ugly thing is struck by your spines.
The cyan very ugly thing tentacle-slaps you.
The cyan very ugly thing shocks you!!
The centaur warrior is engulfed in poison gas.
The centaur warrior looks as sick as possible!
Your rust devil barely misses the centaur warrior.
Casting: Stone Arrow (safe; 1% risk of failure)
Confirm with . or Enter, or press ? or * to list all spells.
Aiming: Stone Arrow (safe; 1% risk of failure)
Press: ? - help, Shift-Dir - straight line, f - cyan very ugly thing
Aim: a cyan very ugly thing (severely wounded, extremely poisoned, 76% to hit)
The stone arrow hits the cyan very ugly thing!!
The cyan very ugly thing is almost dead.
The cyan very ugly thing tentacle-slaps you.
* * * LOW HITPOINT WARNING * * *
The cyan very ugly thing shocks you!!
* * * LOW HITPOINT WARNING * * *
A demonic guardian appears!
The centaur warrior looks as sick as possible!
The great orb of eyes is engulfed in poison gas.
The great orb of eyes is poisoned.
Your rust devil closely misses the centaur warrior.
Casting: Stone Arrow (safe; 1% risk of failure)
Confirm with . or Enter, or press ? or * to list all spells.
Aiming: Stone Arrow (safe; 1% risk of failure)
Press: ? - help, Shift-Dir - straight line, f/p - cyan very ugly thing
Aim: a cyan very ugly thing (almost dead, extremely poisoned, 76% to hit)
The stone arrow hits the cyan very ugly thing!
You kill the cyan very ugly thing!
Vehumet accepts your kill.
You feel your power returning.
The centaur warrior is engulfed in poison gas.
The centaur warrior looks as sick as possible!
The centaur warrior shoots an arrow.
The arrow hits you!
You die...

#...#.## ##.......##
###.#...####..☼...§.○##.
.........g.'°.°☼.○§.○'..
###.#..u####u°.°○).§°##.
#.##.## ##G..○.☼°## #
### ##○☼4°☼## ##○c4##
##)## #@# #.# #.# ...
... ....# .#..# ......


You could see a great orb of eyes (poisoned), a white ugly thing, a centaur
warrior (extremely poisoned, ally target), a friendly orange demon (summoned)
and a friendly rust devil (summoned).

Vanquished Creatures
  A sphinx (D:13)
  2 orc warlords (Orc:1)
  A very ugly thing (D:15)
  Azrael (D:14)
  An ettin (D:13)
  Josephine (D:14)
  An ice dragon (D:14)
  2 rakshasas
  2 ghost crabs (Lair:2)
  9 hydras
  7 centaur warriors
  4 boulder beetles
  4 catoblepae
  7 two-headed ogres
  Urug (Lair:5)
  10 death yaks (Lair:5)
  3 tengu warriors
  A skeletal warrior (D:14)
  2 skysharks
  A deep elf archer (D:14)
  5 orc knights
  2 deep elf pyromancers (D:14)
  2 deep elf zephyrmancers (D:14)
  4 cyclopes
  3 orc sorcerers (Orc:1)
  11 ugly things
  4 manticores
  11 elephants
  Joseph (Lair:1)
  2 black mambas
  2 gargoyles
  Jeremiah (D:6)
  4 rime drakes
  16 cane toads
  4 centaur skeletons (D:14)
  An unseen horror (shapeshifter) (D:12)
  3 unseen horrors
  A tengu conjurer (D:13)
  3 efreet
  10 yaktaurs
  8 komodo dragons
  A queen bee (D:13)
  2 polar bears
  A meliai (shapeshifter) (D:14)
  5 trolls
  10 meliai (D:13)
  A wolf spider simulacrum (D:12)
  17 blink frogs
  A dream sheep (Lair:1)
  A wind drake (shapeshifter) (D:13)
  A spectral elephant (Lair:2)
  Prince Ribbit (Lair:1)
  2 shadows
  A spectral black mamba (Lair:2)
  5 wraiths
  9 slime creatures
  4 vampires
  3 wyverns
  2 fire elementals (D:14)
  7 vampire mosquitoes
  A water elemental (D:14)
  A basilisk (Lair:2)
  57 yaks
  A steam dragon (D:9)
  3 spectral cane toads (Lair:2)
  Menkaure (D:4)
  A warg (Orc:1)
  2 acid dragons
  Duvessa (D:4)
  11 water moccasins
  3 hell hounds (D:14)
  A sky beast (D:7)
  2 black bears
  52 orc warriors
  6 ogres
  4 wolves (Lair:1)
  7 boggarts
  15 centaurs
  2 phantoms
  6 bullfrogs
  10 kobold brigands
  3 gnoll sergeants
  5 scorpions
  Dowan (D:4)
  32 killer bees
  3 electric eels
  A howler monkey (D:8)
  A jelly (D:6)
  3 hounds
  17 orc priests
  Crazy Yiuf (D:2)
  A gnoll bouda (Orc:2)
  3 sleepcaps
  Terence (D:2)
  6 iguanas
  21 orc wizards
  4 hell rats (Lair:3)
  4 mummies
  Robin (D:2)
  15 gnolls
  8 adders
  2 shadow imps
  2 white imps
  An adder zombie (Ossuary)
  A worm (D:2)
  2 dart slugs
  105 orcs
  4 ball pythons
  4 endoplasms
  A giant cockroach (D:4)
  16 goblins
  5 hobgoblins
  4 jackals (D:4)
  6 quokkas
  3 bats
  10 frilled lizards
  5 goblin zombies (Ossuary)
  6 hobgoblin zombies (Ossuary)
  34 kobolds
  3 kobold zombies (Ossuary)
  3 quokka zombies (Ossuary)
  3 rats (D:1)
771 creatures vanquished.

Vanquished Creatures (collateral kills)
  A death yak (Lair:5)
  An ugly thing (D:13)
  A cane toad (Lair:1)
  A komodo dragon (Lair:2)
  A blink frog (Lair:4)
  5 yaks
  A vampire mosquito (D:13)
  A water moccasin (Lair:2)
  An electric eel (Lair:4)
  An orc priest (Orc:2)
  An orc (D:7)
15 creatures vanquished.

Grand Total: 786 creatures vanquished

Notes
Turn   | Place    | Note
-------+----------+-------------------------------------------
     0 | D:1      | protoss039 the Demonspawn Earth Elementalist began the
                  | quest for the Orb.
     0 | D:1      | Reached XP level 1. HP: 13/13 MP: 3/3
   166 | D:1      | Gained mutation: You are partially covered in sharp spines.
                  | [demonic ancestry]
   166 | D:1      | Reached XP level 2. HP: 20/20 MP: 5/5
   281 | D:1      | Gained mutation: You are mostly covered in sharp spines.
                  | [demonic ancestry]
   281 | D:1      | Reached XP level 3. HP: 18/25 MP: 6/6
   831 | D:1      | Learned a level 2 spell: Passwall
   860 | D:2      | Reached skill level 1 in Fighting
   923 | D:2      | Noticed Robin
   938 | D:2      | Killed Robin
   939 | D:2      | Gained mutation: You are completely covered in sharp
                  | spines. [demonic ancestry]
   939 | D:2      | Reached XP level 4. HP: 25/32 MP: 7/7
   961 | D:2      | Reached skill level 1 in Short Blades
  1061 | D:2      | Found Huorhiom's Jewellery Boutique.
  1493 | D:2      | Found a runed translucent door.
  1494 | D:2      | Noticed Crazy Yiuf
  1555 | D:2      | Noticed Terence
  1566 | D:2      | Killed Terence
  1753 | D:2      | Killed Crazy Yiuf
  1754 | D:2      | Reached XP level 5. HP: 8/37 MP: 1/8
  1898 | D:2      | Learned a level 3 spell: Stone Arrow
  1949 | D:3      | Noticed a phantom
  1956 | D:3      | Killed a phantom
  2115 | D:3      | Found Fobbas Lofua's Weapon Shoppe.
  2467 | D:3      | Reached skill level 2 in Fighting
  2751 | D:4      | Reached XP level 6. HP: 44/44 MP: 10/10
  2822 | D:4      | Found an ornate altar of the Wu Jian Council.
  3014 | D:4      | Noticed a yak
  3015 | D:4      | Noticed a yak
  3016 | D:4      | Noticed a yak
  3017 | D:4      | Noticed a yak
  3023 | D:4      | Killed a yak
  3028 | D:4      | Killed a yak
  3029 | D:4      | Reached skill level 3 in Fighting
  3029 | D:4      | Reached XP level 7. HP: 36/52 MP: 5/12
  3030 | D:4      | Killed a yak
  3038 | D:4      | Killed a yak
  3039 | D:4      | Reached skill level 4 in Fighting
  3362 | D:4      | Noticed Dowan
  3364 | D:4      | Noticed Duvessa
  3369 | D:4      | Killed Dowan
  3375 | D:4      | Killed Duvessa
  3376 | D:4      | Reached skill level 5 in Earth Magic
  3376 | D:4      | Discovered your monstrous ancestry.
  3376 | D:4      | Gained mutation: Your touch may inflict minor irresistible
                  | damage on your foes. [demonic ancestry]
  3376 | D:4      | Reached XP level 8. HP: 20/61 MP: 4/14
  3550 | D:4      | Found a shadowy altar of Dithmenos.
  3602 | D:4      | Found a shimmering blue altar of Sif Muna.
  3643 | D:4      | Noticed Menkaure
  3650 | D:4      | Killed Menkaure
  3956 | D:5      | Entered Level 5 of the Dungeon
  3981 | D:5      | Found a sand-covered staircase.
  3993 | Ossuary  | Entered an ossuary
  4298 | D:5      | Reached skill level 5 in Spellcasting
  4343 | D:5      | Reached skill level 5 in Fighting
  4824 | D:6      | Reached skill level 1 in Armour
  4862 | D:6      | Reached skill level 1 in Conjurations
  4983 | D:6      | Found a staircase to the Ecumenical Temple.
  5020 | Temple   | Found a transporter.
  5020 | Temple   | Found a transporter.
  5020 | Temple   | Found a transporter.
  5020 | Temple   | Found a transporter.
  5020 | Temple   | Entered the Ecumenical Temple
  5033 | Temple   | Became a worshipper of Vehumet
  5083 | D:6      | Noticed Jeremiah
  5097 | D:6      | Gained mutation: A weak demonic guardian rushes to your
                  | aid. [demonic ancestry]
  5097 | D:6      | Reached XP level 9. HP: 56/69 MP: 12/17
  5105 | D:6      | Killed Jeremiah
  5413 | D:6      | Reached skill level 6 in Fighting
  5987 | D:7      | Found a runed translucent door.
  5988 | D:7      | Noticed bmj180's ghost (journeyman HuCj)
  6502 | D:8      | Reached * piety under Vehumet
  6502 | D:8      | Offered knowledge of Magic Dart by Vehumet.
  6537 | D:8      | Reached skill level 5 in Short Blades
  6541 | D:8      | Reached skill level 7 in Fighting
  6745 | D:8      | Noticed a two-headed ogre
  6752 | D:8      | Gained mutation: You have a pair of small horns on your
                  | head. [demonic ancestry]
  6752 | D:8      | Reached XP level 10. HP: 65/79 MP: 19/19
  6759 | D:8      | Killed a two-headed ogre
  6781 | D:8      | Found a flagged portal.
  6788 | D:8      | Identified the +3 hand axe of Rosi {venom, *Noise rC+ Str+2
                  | Int+2}
  6792 | Bailey   | Entered a bailey
  7218 | Bailey   | Found a burning altar of Makhleb.
  7287 | D:8      | Reached skill level 5 in Armour
  7658 | D:9      | Reached skill level 8 in Fighting
  7846 | D:9      | Reached ** piety under Vehumet
  7846 | D:9      | Offered knowledge of Kiss of Death by Vehumet.
  8046 | D:9      | Identified the +2 leather armour "Siff" {rPois MP+9}
  8071 | D:9      | Found a staircase to the Orcish Mines.
  8303 | D:10     | Entered Level 10 of the Dungeon
  8303 | D:10     | Found Ihofyeka's Book Shop.
  8520 | D:10     | Reached skill level 9 in Fighting
  8639 | D:10     | Offered knowledge of Inner Flame by Vehumet.
  8717 | D:10     | Noticed a two-headed ogre
  8724 | D:10     | Killed a two-headed ogre
  8725 | D:10     | Gained mutation: You have a pair of horns on your head.
                  | [demonic ancestry]
  8725 | D:10     | Reached XP level 11. HP: 89/89 MP: 12/21
  9268 | D:10     | Found a portal to a secret trove of treasure.
  9552 | D:11     | Noticed a two-headed ogre
  9560 | D:11     | Killed a two-headed ogre
  9561 | D:11     | Reached skill level 10 in Fighting
  9653 | D:11     | Reached *** piety under Vehumet
  9727 | D:11     | Noticed a two-headed ogre
  9734 | D:11     | Killed a two-headed ogre
  9883 | D:11     | Found a staircase to the Lair.
  9908 | D:11     | Noticed a boulder beetle
  9920 | D:11     | Killed a boulder beetle
  9921 | D:11     | Reached skill level 11 in Fighting
  9959 | D:11     | Noticed a boulder beetle
  9971 | D:11     | Killed a boulder beetle
 10670 | D:11     | Learned a level 3 spell: Inner Flame
 10889 | D:12     | Reached skill level 1 in Axes
 11105 | D:12     | Noticed a two-headed ogre
 11115 | D:12     | Killed a two-headed ogre
 11116 | D:12     | Reached skill level 1 in Fire Magic
 11474 | D:12     | Offered knowledge of Olgreb's Toxic Radiance by Vehumet.
 11652 | D:12     | Noticed a cyan ugly thing
 11660 | D:12     | Killed a cyan ugly thing
 11661 | D:12     | Reached XP level 12. HP: 79/101 MP: 13/24
 12024 | D:12     | Learned a level 4 spell: Olgreb's Toxic Radiance
 12042 | D:13     | Noticed a catoblepas
 12070 | D:12     | Killed a catoblepas
 12464 | D:13     | Reached skill level 1 in Poison Magic
 12473 | D:13     | Noticed a centaur warrior
 12474 | D:13     | Noticed a boulder beetle
 12475 | D:13     | Noticed a centaur warrior
 12485 | D:13     | Killed a centaur warrior
 12485 | D:13     | Killed a centaur warrior
 12489 | D:13     | Noticed a centaur warrior
 12494 | D:13     | Killed a centaur warrior
 12501 | D:13     | Reached **** piety under Vehumet
 12504 | D:13     | HP: 4/102 [meliai/divine providence (6)]
 12505 | D:13     | Reached skill level 12 in Fighting
 12505 | D:13     | Noticed a centaur warrior
 12510 | D:13     | HP: 1/102 [centaur warrior/arrow (12)]
 12983 | D:13     | Reached skill level 5 in Axes
 13027 | D:13     | Offered knowledge of Hailstorm by Vehumet.
 13046 | D:13     | Noticed a two-headed ogre
 13057 | D:13     | Killed a two-headed ogre
 13237 | D:13     | Found an ancient bone altar of Kikubaaqudgha.
 13249 | D:13     | Noticed a five-headed hydra
 13253 | D:13     | Noticed a six-headed hydra
 13258 | D:13     | Killed a two-headed hydra
 13266 | D:13     | Killed a four-headed hydra
 13273 | D:13     | Noticed a tengu warrior
 13634 | D:13     | Noticed an ettin
 13644 | D:13     | Killed an ettin
 13666 | D:13     | Gained mutation: You have a small tail. [demonic ancestry]
 13666 | D:13     | Reached XP level 13. HP: 53/109 MP: 5/26
 14027 | D:13     | Noticed a sphinx
 14041 | D:13     | Killed a sphinx
 14581 | D:13     | Reached skill level 1 in Evocations
 15174 | D:14     | Reached skill level 1 in Shields
 15174 | D:14     | Reached skill level 10 in Spellcasting
 15451 | Lair:1   | Entered Level 1 of the Lair of Beasts
 15451 | Lair:1   | Noticed Prince Ribbit
 15461 | Lair:1   | Killed Prince Ribbit
 16259 | Lair:1   | Noticed Joseph
 16273 | Lair:1   | Killed Joseph
 17057 | Lair:2   | Reached ***** piety under Vehumet
 17059 | Lair:2   | Reached skill level 13 in Fighting
 17060 | Lair:2   | Offered knowledge of Spellforged Servitor by Vehumet.
 17408 | Lair:2   | Found a staircase to the Snake Pit.
 17911 | Lair:2   | Found a staircase to the Swamp.
 18232 | Lair:3   | Reached XP level 14. HP: 35/118 MP: 15/28
 18520 | Lair:3   | Identified the +11 long sword "Musuidgh" {freeze, rF+ rN++}
 19557 | Lair:3   | Learned a level 7 spell: Spellforged Servitor
 19909 | Lair:4   | Reached skill level 1 in Summonings
 19917 | Lair:4   | Reached skill level 5 in Shields
 20795 | Lair:5   | Entered Level 5 of the Lair of Beasts
 20843 | Lair:5   | HP: 5/118 [five-headed hydra (7)]
 22046 | Lair:5   | Found a viscous altar of Jiyva.
 22047 | Lair:5   | Found a staircase to the Slime Pits.
 22263 | Lair:5   | HP: 5/119 [death yak (8)]
 22722 | Lair:5   | Noticed Urug
 22930 | Lair:5   | Killed Urug
 23365 | Lair:5   | Gained mutation: You are robust. (+10% HP) [demonic
                  | ancestry]
 23365 | Lair:5   | Reached XP level 15. HP: 86/137 MP: 22/29
 23651 | Lair:5   | Reached skill level 5 in Evocations
 23713 | Lair:5   | Identified the amulet "Goibucvo" {Regen+ Slay+3}
 23934 | Orc:1    | Entered Level 1 of the Orcish Mines
 24003 | Orc:1    | Paralysed by an orc sorcerer for 2 turns
 24022 | Orc:1    | Reached skill level 14 in Fighting
 24347 | Orc:2    | Entered Level 2 of the Orcish Mines
 24367 | Orc:2    | Reached ****** piety under Vehumet
 24647 | Orc:2    | Reached skill level 10 in Armour
 24650 | Orc:2    | Offered knowledge of Orb of Destruction by Vehumet.
 24664 | Orc:2    | Found Hefeplar's Weapon Boutique.
 24664 | Orc:2    | Found Guriank's Distillery.
 24666 | Orc:2    | Found Kezowin's Weapon Shoppe.
 24669 | Orc:2    | Found Haatabba's General Store.
 24789 | Orc:2    | Bought a potion of curing for 42 gold pieces
 24789 | Orc:2    | Bought a potion of mutation for 112 gold pieces
 24789 | Orc:2    | Bought a potion of brilliance for 56 gold pieces
 24789 | Orc:2    | Bought a potion of degeneration for 14 gold pieces
 24789 | Orc:2    | Bought a potion of lignification for 42 gold pieces
 24789 | Orc:2    | Bought a potion of berserk rage for 70 gold pieces
 24789 | Orc:2    | Bought a potion of heal wounds for 70 gold pieces
 24792 | Orc:2    | Bought a wand of acid (3) for 226 gold pieces
 24877 | Orc:2    | Found a staircase to the Elven Halls.
 25109 | Orc:2    | Learned a level 7 spell: Orb of Destruction
 25130 | Orc:1    | Reached skill level 5 in Conjurations
 25586 | D:14     | Found a radiant altar of Vehumet.
 25757 | D:14     | Noticed Azrael
 25762 | D:14     | Reached skill level 1 in Long Blades
 25763 | D:14     | Killed Azrael
 25765 | D:14     | Offered knowledge of Irradiate by Vehumet.
 26455 | D:14     | Found a gate to the Vaults.
 26628 | D:14     | Noticed Josephine
 26632 | D:14     | Killed Josephine
 26922 | D:14     | Learned a level 5 spell: Irradiate
 26923 | D:15     | Entered Level 15 of the Dungeon
 27098 | D:15     | Found a runed translucent gate.
 27098 | D:15     | Found a runed translucent gate.
 27098 | D:15     | Found a runed translucent gate.
 27175 | D:15     | Found an iron altar of Okawaru.
 27586 | D:15     | Shot with an arrow by a centaur warrior

Illustrated notes

Levels and vault maps discovered:
D:1:      lemuel_arrival_tunnels, layout_basic, minmay_misc_feat_rugged,
          minmay_pentomino_r2
D:2:      layout_loops_ring, serial_shops, shop, minmay_lizard_pond,
          uniq_crazy_yiuf_cottage, uniq_robin, uniq_terence
D:3:      layout_loops_cross, serial_shops, shop, minmay_misc_feat_hallway,
          corexii_hall_statues_x, grunt_decor_mini_mirrors,
          nicolae_kite_square_tiling_tiny, st_stairs_12
D:4:      minmay_evil_eye, layout_basic, mainiacjoe_overflow_chevrons,
          kennysheep_little_box, nicolae_sif_muna_condensation, serial_glass,
          glass_columns_b, glass_columns_a, kennysheep_decorative_pillar,
          minmay_misc_feat_pillars, hangedman_abyss_or_decor_stagger,
          grunt_decor_junction, uniq_duvessa, uniq_menkaure
D:5:      layout_loops_ring, gup_ossuary_entry_pyramid
D:6:      layout_cave_pods, minmay_temple_entry_mini_moons,
          chequers_serial_rivers_small_b, minmay_statues_item, uniq_jeremiah
D:7:      layout_cave_pods, ebering_ghost_inner_flame
D:8:      layout_cave_pods, enter_bailey_2, minmay_misc_feat_columns,
          kennysheep_doodads
D:9:      layout_rooms, hiddenorc1_lemuel, minivault_4
D:10:     layout_roguey, nicolae_trove_entry_columns, serial_shops,
          nicolae_shop_peninsula
D:11:     layout_loops_cross, lair_entry_dummy, serial_co_window_serial,
          co_window_paths_a, co_window_paths_a, co_window_paths_a,
          co_window_paths_a, co_window_paths_b, co_window_paths_a,
          co_window_corner_a, co_window_2corner, co_window_corner_cb,
          co_window_corner_ca, co_window_corner_b, co_window_of_opportunity_c,
          co_window_corner_cb, co_window_paths_d, glass_columns_a,
          glass_columns_b, glass_columns_a, glass_columns_b, glass_columns_b
D:12:     layout_basic, minmay_increasing_density
D:13:     regret_index_combs_of_tragedy, layout_small_grid,
          kiku_gazebo_garden_becter
D:14:     layout_gridville, hangedman_vaults_entry_quadrant_bands,
          minmay_crystal_water, nicolae_vehumet_altar_sigil, uniq_azrael,
          uniq_josephine
D:15:     gammafunk_enter_depths_forms, layout_loops_corners,
          okawaru_metal_pillars_1_2, ploomutoo_gammafunk_ghost_potion_laboratory
Temple:   hellmonk_temple_divided_pantheon
Lair:1:   layout_layer_cave, grunt_forest_large_clearings, uniq_prince_ribbit2,
          uniq_joseph
Lair:2:   layout_gridlike, nicolae_swamp_entry_spooky, dummy_snake_entry,
          gauntlet_entry_generic
Lair:3:   layout_hall_layers, serial_bayou_ford_a, wad_woods_road_06,
          grunt_megastairs_1
Lair:4:   layout_gridlike, infiniplex_staircase_pool
Lair:5:   evilmike_catoblepas_cave, layout_hall_layers, slime_entry_1,
          infiniplex_staircase_pool_2, uniq_urug
Orc:1:    layout_diamond_mine
Orc:2:    st_orc_rangers, layout_caves

Skill      XL: |  1  2  3  4  5  6  7  8  9 10 11 12 13 14 15 |
---------------+----------------------------------------------+-----
Dodging        | 2 3 4 |  4.1
Stealth        | 2 3 |  3.0
Fighting       | 1 2 3 4 5 7 9 11 12 13 14 | 14.5
Earth Magic    | 3 4 5 6 |  6.0
Short Blades   | 1 2 3 5 6 |  6.0
Spellcasting   | 3 4 5 6 7 8 9 10 11 | 11.3
Armour         | 1 4 6 7 8 9 10 | 10.4
Conjurations   | 1 3 4 6 |  6.0
Axes           | 2 6 7 8 9 |  9.0
Fire Magic     | 1 3 |  3.0
Poison Magic   | 3 |  3.0
Evocations     | 3 4 5 |  5.8
Shields        | 4 6 7 |  7.4
Summonings     | 2 4 |  4.9
Long Blades    | 2 |  2.8
Transmutations | |  0.8

Action                     |  1- 3 |  4- 6 |  7- 9 | 10-12 | 13-15 || total
---------------------------+-------+-------+-------+-------+-------++-------
  Melee: Short sword       |    60 |    76 |   197 |   209 |    88 ||   630
         Punch             |     1 |     3 |     5 |     3 |       ||    12
         Quarterstaff      |       |       |    32 |    18 |    30 ||    80
         Touch             |       |       |    34 |    78 |     6 ||   118
         Hand axe          |       |       |       |   112 |   512 ||   624
         Headbutt          |       |       |       |    87 |   238 ||   325
         Scimitar          |       |       |       |     8 |    27 ||    35
         Tailslap          |       |       |       |       |   145 ||   145
         Long sword        |       |       |       |       |    59 ||    59
   Cast: Sandblast         |     1 |       |       |    10 |     5 ||    16
         Stone Arrow       |       |       |       |    45 |    95 ||   140
         Passwall          |       |       |       |     1 |     3 ||     4
         Olgreb's Toxic Ra |       |       |       |     5 |    40 ||    45
         Inner Flame       |       |       |       |     1 |       ||     1
  Evoke: Wand              |       |       |       |     3 |    24 ||    27
         Tin of tremorston |       |       |       |     2 |     2 ||     4
         Lightning rod     |       |       |       |       |     6 ||     6
    Use: Scroll            |       |     2 |     1 |    23 |    24 ||    50
         Potion            |       |       |       |     7 |     6 ||    13
   Stab: Sleeping          |     3 |       |       |     3 |     5 ||    11
         Confused          |       |       |     1 |       |       ||     1
         Distracted        |       |       |       |     2 |     2 ||     4
         Petrified         |       |       |       |       |     4 ||     4
 Armour: Robe              |    10 |       |       |       |       ||    10
         Ring mail         |    21 |    13 |       |       |       ||    34
         Chain mail        |       |    42 |   165 |    63 |       ||   270
         Steam dragon scal |       |       |       |   341 |   975 ||  1316
  Dodge: Dodged            |    30 |    21 |    52 |   204 |   461 ||   768
  Block: Kite shield       |       |       |       |       |   478 ||   478
         Buckler           |       |       |       |       |     1 ||     1

Table legend: (Time is in decaauts)
 A = Elapsed time spent in this place.
 B = Non-inter-level travel time spent in this place.
 C = Inter-level travel time spent in this place.
 D = Time resting spent in this place.
 E = Time spent auto-exploring this place.
 F = Levels seen in this place.
 G = Mean time per level.
                   A        B        C        D        E       F      G
               +--------+--------+--------+--------+--------+-----+--------+
         Total |  27606 |  26213 |   1393 |   4246 |  17547 |  25 | 1104.2 |
       Dungeon |  17160 |  16171 |    989 |   2258 |  11123 |  15 | 1144.0 |
        Temple |     27 |      8 |     19 |      0 |      0 |   1 |   27.0 |
          Lair |   8455 |   8159 |    296 |   1751 |   5280 |   5 | 1691.0 |
  Orcish Mines |   1272 |   1184 |     88 |     98 |    789 |   2 |  636.0 |
       Ossuary |    194 |    194 |      0 |      0 |    123 |   1 |  194.0 |
        Bailey |    496 |    496 |      0 |    138 |    231 |   1 |  496.0 |
               +--------+--------+--------+--------+--------+-----+--------+

Top non-repeatable levels by time:
    D:12: 2613 daAuts
  Lair:5: 2518 daAuts
    D:14: 2124 daAuts
    D:13: 1870 daAuts
  Lair:1: 1733 daAuts
  Lair:3: 1686 daAuts
  Lair:4: 1522 daAuts
    D:11: 1384 daAuts
     D:4: 1204 daAuts
     D:2: 1070 daAuts
    D:10: 1058 daAuts
  Lair:2: 994 daAuts
     D:3: 841 daAuts
     D:1: 831 daAuts
     D:7: 809 daAuts
